Cogmind - Beta 11.1 @@@ ROGUE MODE // 2022.07.13 @ 00:49:45 Player: Sigil Result: Destroyed by Y8-WFT(z) with Zionite Laser-S Performance ------------- Evolutions (1) 500 Regions Visited (5) 1000 Robots Destroyed (7) 35 Value Destroyed (253) 253 Prototype IDs (0) 0 Alien Tech Used (0) 0 Bonus (500) 500 TOTAL SCORE: 2288 Bonus ------- Pacifist 200 Met Imprinter 300 Cogmind --------- Core Integrity 0/400 Matter 248/300 Energy 99/100 System Corruption 0% Temperature Cool (18) Movement Core (50) Location -7/Deep Caves Parts ------- > --- POWER (1) -------- (None) > --- PROPULSION (4) --- Armored Treads Armored Treads > --- UTILITY (2) ------ (None) > --- WEAPON (2) ------- (None) > --- INVENTORY (5) ---- Improved Propulsion Shielding Hardlight Generator Authchip [Propulsion] Authchip [Device] Hacking Drone Bay Peak State ------------ > --- POWER ------------ Light Ion Engine > --- PROPULSION ------- Armored Treads Armored Treads Armored Treads Armored Treads > --- UTILITY ---------- Small Storage Unit Improved Propulsion Shielding > --- WEAPON ----------- Heavy Particle Cannon Heavy Ion Cannon > --- INVENTORY -------- Hardlight Generator Authchip [Propulsion] Authchip [Propulsion] Authchip [Device] Authchip [Processor] Authchip [Weapon] Hacking Drone Bay Mining Laser [Rating: 27] Favorites ----------- Power Light Ion Engine Engine Light Ion Engine Propulsion Armored Treads Treads Armored Treads Utility Small Storage Unit Device Hardlight Generator Storage Small Storage Unit Protection Improved Propulsion Shielding Weapon Small Laser Energy Gun Small Laser Energy Cannon Heavy Particle Cannon Ballistic Gun High-powered Shotgun Build | -11 -10 -9 -9 -7 -7 ------- Run | Scr Mat Mat Min Zio Dee Slots Evolved 2 | . . 2 . . . Power . | . . . . . . Propulsion 2 | . . 2 . . . Utility . | . . . . . . Weapon . | . . . . . . Parts Attached 18 | 4 . 7 . 7 . Power 1 | . . . . 1 . Engine 1 | . . . . 1 . Core . | . . . . . . Reactor . | . . . . . . Propulsion 7 | 2 . 5 . . . Treads 7 | 2 . 5 . . . Leg . | . . . . . . Wheel . | . . . . . . Hover . | . . . . . . Flight . | . . . . . . Utility 4 | . . . . 4 . Device 2 | . . . . 2 . Storage 1 | . . . . 1 . Processor . | . . . . . . Hackware . | . . . . . . Protection 1 | . . . . 1 . Artifact . | . . . . . . Weapon 6 | 2 . 2 . 2 . Energy Gun 3 | 2 . 1 . . . Energy Cannon 2 | . . . . 2 . Ballistic Gun 1 | . . 1 . . . Ballistic Cannon . | . . . . . . Launcher . | . . . . . . Special Weapon . | . . . . . . Impact Weapon . | . . . . . . Slashing Weapon . | . . . . . . Piercing Weapon . | . . . . . . Special Melee Weapon . | . . . . . . Unidentified Prototypes . | . . . . . . Parts Lost 2 | . . . . . 2 Power . | . . . . . . Propulsion 2 | . . . . . 2 Utility . | . . . . . . Weapon . | . . . . . . Highest Loss Streak 2 | . . . . . 2 To Critical Strikes . | . . . . . . Average Slot Usage (%) 91 | . 57 59 66 98 90 Engine 8 | . . . . 10 9 Treads 42 | . 28 37 44 44 44 Device 1 | . . . . . 9 Storage 8 | . . . . 10 9 Protection 7 | . . . . 10 . Energy Gun 10 | . 28 18 22 10 . Energy Cannon 10 | . . . . 11 18 Naked Turns . | . . . . . . Heaviest Build 27 | 2 2 4 2 27 27 Greatest Support 80 | 3 3 80 3 80 80 Greatest Overweight (x) 2 | . . . . 2 . Average Overweight (x) . | . . . . . . Largest Inventory Capacity 8 | 5 5 5 5 8 8 Average Capacity 7 | 5 5 5 5 7 7 Most Carried 8 | 5 5 5 5 8 8 Average Carried 7 | 2 4 4 5 7 7 Final Capacity 8 | 5 5 5 5 8 5 Final Carried 8 | 5 5 5 5 8 5 Class Distribution -------------------- 100% | Mutant Dominant Class ---------------- Mutant | -10/Materials Mutant | -9/Materials Mutant | -9/Mines Mutant | -7/Zion Mutant | -7/Deep Caves Resources | -11 -10 -9 -9 -7 -7 ----------- Run | Scr Mat Mat Min Zio Dee Matter Collected 375 | 188 . 149 . 38 . Remotely . | . . . . . . Salvage Created 265 | . . 265 . . . Parts 10 | . . 10 . . . Haulers Intercepted . | . . . . . . Recyclers Shooed . | . . . . . . Parts Field Recycled . | . . . . . . Retrieved Matter . | . . . . . . Parts Self-Destructed . | . . . . . . Prevented . | . . . . . . Kills | -11 -10 -9 -9 -7 -7 ------- Run | Scr Mat Mat Min Zio Dee Combat Hostiles Destroyed 7 | . . 7 . . . Guns 7 | . . 7 . . . Classes Destroyed 2 | . . 2 . . . Grunt 6 | . . 6 . . . Brawler 1 | . . 1 . . . Best Kill Streak 6 | . . 6 . . . Combat Bots Only 6 | . . 6 . . . Max Kills in Single Turn 2 | . . 2 . . . Gunslinging . | . . . . . . Exploded . | . . . . . . Melee . | . . . . . . Uniques/NPCs Destroyed . | . . . . . . Combat | -11 -10 -9 -9 -7 -7 -------- Run | Scr Mat Mat Min Zio Dee Damage Taken 1744 | . 17 446 . . 1281 Core 403 | . . 107 . . 296 Absorbed by Shields . | . . . . . . Core Remaining (%) 100 | 100 100 . . . . Volleys Fired 22 | . . 18 . . 4 Largest 2 | . . 2 . . 2 Hottest 140 | . . 80 . . 140 Shots Fired 44 | . . 36 . . 8 Gun 36 | . . 36 . . . Cannon 8 | . . . . . 8 Launcher . | . . . . . . Special . | . . . . . . Kinetic 14 | . . 14 . . . Thermal 30 | . . 22 . . 8 Explosive . | . . . . . . Electromagnetic . | . . . . . . Robot Hit Streak 7 | . . 7 . . 3 Robot Miss Streak 5 | . . 5 . . 2 Penetration Max . | . . . . . . Secondary Targets 2 | . . 2 . . . Max Gunslinging Chain 1 | . . 1 . . . Shots Hit Robots 27 | . . 24 . . 3 Core Hits 12 | . . 12 . . . Critical Kills . | . . . . . . Critical Parts Destroyed . | . . . . . . Critical Strikes . | . . . . . . Melee Attacks . | . . . . . . Impact . | . . . . . . Slashing . | . . . . . . Piercing . | . . . . . . Sneak Attacks . | . . . . . . Combat Hostiles . | . . . . . . Follow-up Attacks . | . . . . . . Damage Inflicted 482 | . . 378 . . 104 Guns 345 | . . 345 . . . Cannons 104 | . . . . . 104 Explosions . | . . . . . . Melee . | . . . . . . Ramming 33 | . . 33 . . . Kinetic 179 | . . 179 . . . Thermal 270 | . . 166 . . 104 Explosive . | . . . . . . Electromagnetic . | . . . . . . Impact . | . . . . . . Slashing . | . . . . . . Piercing . | . . . . . . Highest Corruption 2 | . . 2 2 2 . Average Corruption 2 | . . 2 2 2 . Corruption Purged . | . . . . . . Corruption Blocked . | . . . . . . Effects 5 | . . 2 1 2 . Message Errors 3 | . . 1 . 2 . Data Loss (minor) 2 | . . 1 1 . . Overload Shots . | . . . . . . Overflow Damage . | . . . . . . Projectiles . | . . . . . . Explosions . | . . . . . . Melee . | . . . . . . Knockbacks . | . . . . . . Impact . | . . . . . . Kinetic . | . . . . . . Secondary . | . . . . . . Self-Inflicted Damage 16 | . . 16 . . . Shots . | . . . . . . Rammed 5 | . . 5 . . . Targets Rammed 5 | . . 5 . . . Kicked . | . . . . . . Crushed . | . . . . . . Highest Temperature 346 | . . 9 . . 346 Average Temperature 155 | . . 4 . . 189 Received Heat Transfer 615 | . 9 237 . . 369 Effects 1 | . . . . . 1 Energy Bleed 1 | . . . . . 1 Siege Activations . | . . . . . . Robots Corrupted . | . . . . . . Combat Hostiles . | . . . . . . Parts Fried . | . . . . . . Impact Corruptions . | . . . . . . Robots Melted . | . . . . . . Combat Hostiles . | . . . . . . Parts Melted . | . . . . . . Heat Transferred 495 | . . 375 . . 120 Parts Sabotaged . | . . . . . . Parts Stolen . | . . . . . . Parts Stripped . | . . . . . . Power Chain Reactions . | . . . . . . Missiles Intercepted . | . . . . . . Alert | -11 -10 -9 -9 -7 -7 ------- Run | Scr Mat Mat Min Zio Dee Peak Influence 272 | . 15 272 105 . . Initial 105 | . . 5 105 . . Average 108 | . 6 154 105 . . Maximum Alert Level 1 | . . 1 . . . Low Security (%) 69 | 100 100 48 100 . . Level 1 30 | . . 51 . . . Level 2 . | . . . . . . Level 3 . | . . . . . . Level 4 . | . . . . . . Level 5 . | . . . . . . High Security . | . . . . . . Max Security . | . . . . . . Squads Dispatched 1 | . . 1 . . . Investigation . | . . . . . . Extermination . | . . . . . . Reinforcement 1 | . . 1 . . . Assault . | . . . . . . Garrison . | . . . . . . Intercept . | . . . . . . Searches Triggered . | . . . . . . Construction Impeded . | . . . . . . Haulers Reinforced . | . . . . . . Active Scanning Responses . | . . . . . . Cargo Convoy Interrupts . | . . . . . . Stealth | -11 -10 -9 -9 -7 -7 --------- Run | Scr Mat Mat Min Zio Dee Distress Signals 1 | . . 1 . . . Communications Jammed . | . . . . . . Distress Signals . | . . . . . . Times Spotted 34 | . 5 17 . . 12 Peak Tracking Total 12 | . 5 11 . . 12 Tactical Retreats 2 | . . 1 . . 1 Traps | -11 -10 -9 -9 -7 -7 ------- Run | Scr Mat Mat Min Zio Dee Traps Triggered . | . . . . . . Indirectly . | . . . . . . Trap Hack Attempts . | . . . . . . Triggered . | . . . . . . Disarmed . | . . . . . . Reprogrammed . | . . . . . . Reused . | . . . . . . Traps Extracted . | . . . . . . Installed . | . . . . . . Triggered . | . . . . . . Machines | -11 -10 -9 -9 -7 -7 ---------- Run | Scr Mat Mat Min Zio Dee Machines Disabled 1 | . . . . . 1 Max in Single Turn . | . . . . . . Machines Sabotaged . | . . . . . . Garrisons Compromised . | . . . . . . Overloaded Fab Kills . | . . . . . . Hacking | -11 -10 -9 -9 -7 -7 --------- Run | Scr Mat Mat Min Zio Dee Machines Accessed 3 | . 1 1 . 1 . Terminals 1 | . 1 . . . . Fabricators . | . . . . . . Repair Stations . | . . . . . . Recycling Units . | . . . . . . Scanalyzers 1 | . . 1 . . . Garrison Access . | . . . . . . Total Hacks 7 | . 1 2 . 4 . Successful 6 | . . 2 . 4 . Failed 1 | . 1 . . . . Catastrophic 1 | . 1 . . . . Database Lockouts . | . . . . . . Manual 5 | . 1 . . 4 . Terminals 1 | . 1 . . . . Fabricators . | . . . . . . Repair Stations . | . . . . . . Recycling Units . | . . . . . . Scanalyzers 2 | . . 2 . . . Garrison Access . | . . . . . . Terminal Hacks 4 | . . . . 4 . Part Schematic 4 | . . . . 4 . Fabricator Hacks . | . . . . . . Repair Station Hacks . | . . . . . . Recycling Unit Hacks . | . . . . . . Scanalyzer 2 | . . 2 . . . Insert Component 1 | . . 1 . . . Analyze 1 | . . 1 . . . Garrison Access Hacks . | . . . . . . Unauthorized Hacks . | . . . . . . Terminals . | . . . . . . Fabricators . | . . . . . . Repair Stations . | . . . . . . Recycling Units . | . . . . . . Scanalyzers . | . . . . . . Garrison Access . | . . . . . . Data Cores Recovered . | . . . . . . Used . | . . . . . . Hacking Detections 2 | . 1 1 . . . Full Trace Events . | . . . . . . Feedback Events . | . . . . . . Feedback Blocked . | . . . . . . Robot Schematics Acquired . | . . . . . . Robots Built . | . . . . . . Authchips . | . . . . . . Time . | . . . . . . Total Robot Build Rating . | . . . . . . Part Schematics Acquired 5 | . . 1 . 4 . Parts Built . | . . . . . . Authchips . | . . . . . . Time . | . . . . . . Total Part Build Rating . | . . . . . . Parts Repaired . | . . . . . . Time . | . . . . . . Parts Recycled . | . . . . . . Recycled Matter . | . . . . . . Retrieved Matter . | . . . . . . Retrieved Components . | . . . . . . Parts Scanalyzed 1 | . . 1 . . . Part Schematics Acquired 1 | . . 1 . . . Parts Damaged . | . . . . . . Bothacking | -11 -10 -9 -9 -7 -7 ------------ Run | Scr Mat Mat Min Zio Dee Used RIF Installer . | . . . . . . Robots Hacked . | . . . . . . Non-combat . | . . . . . . Combat . | . . . . . . Robot Hacks Applied . | . . . . . . Relay Couplers Released . | . . . . . . Fabnet Peak Effective % . | . . . . . . Robots Rewired . | . . . . . . Allies Hacked . | . . . . . . Hacks Repelled . | . . . . . . Allies | -11 -10 -9 -9 -7 -7 -------- Run | Scr Mat Mat Min Zio Dee Total Allies 2 | . . . . 2 . Largest Group 2 | . . . . 2 2 Highest-Rated Group 56 | . . . . 56 56 Highest-Rated Ally 31 | . . . . 31 31 Total Orders . | . . . . . . Ally Attacks 11 | . . . . . 11 Total Damage 84 | . . . . . 84 Kills 1 | . . . . . 1 Allies Corrupted . | . . . . . . Allies Melted . | . . . . . . Intel | -11 -10 -9 -9 -7 -7 ------- Run | Scr Mat Mat Min Zio Dee Robot Analysis Total . | . . . . . . Derelict Logs Recovered 2 | . . . 2 . . Drone Launches . | . . . . . . Drone Recoveries . | . . . . . . Exploration | -11 -10 -9 -9 -7 -7 ------------- Run | Scr Mat Mat Min Zio Dee Turns Passed 2115 | 31 57 205 56 1489 277 Spaces Moved 1647 | 40 110 229 111 941 216 Core 694 | 40 110 214 111 129 90 Treads 953 | . . 15 . 812 126 Legs . | . . . . . . Wheels . | . . . . . . Hover . | . . . . . . Flight . | . . . . . . Fastest Speed 50 | 50 50 50 50 50 50 Average Speed 119 | 50 50 57 50 153 120 Slowest Speed 170 | 50 50 170 50 170 170 Overloaded Moves . | . . . . . . Propulsion Burnouts . | . . . . . . Robots Hopped . | . . . . . . Cave-ins Triggered . | . . . . . . Exploration Rate (%) 38 | 4 34 23 40 85 44 Regions Visited 5 Branch Regions 3 Pre-discovered Areas 1 | . . . 1 . . Known Exits Taken . | . . . . . . Unknown Exits Taken 5 | 1 1 1 1 1 . Scrap Searched 2 | . . . . 2 . Spaces Dug . | . . . . . . Terrain Destroyed 2 | . . . . . 2 Melee . | . . . . . . Projectile 2 | . . . . . 2 AOE . | . . . . . . Terrain Rammed . | . . . . . . Walls Destroyed . | . . . . . . Machines Disabled . | . . . . . . Actions | -11 -10 -9 -9 -7 -7 --------- Run | Scr Mat Mat Min Zio Dee Total 1746 | 48 111 266 110 981 230 Wait 23 | . . . . 23 . Move 1642 | 39 109 228 110 940 216 Hop . | . . . . . . Pick Up 15 | 5 1 2 . 6 1 Fast Attach 12 | 4 . 3 . 5 . Attach 3 | . . 2 . 1 . Detach 4 | . . 1 . . 3 Swap 5 | . . 2 . 3 . Drop 15 | . 1 5 . 3 6 Fire 22 | . . 18 . . 4 Melee . | . . . . . . Ram 5 | . . 5 . . . Kick . | . . . . . . Crush . | . . . . . . Escape Stasis . | . . . . . . Rewire . | . . . . . . Trap . | . . . . . . Miscellaneous . | . . . . . . Route ------- -11/Scrapyard -10/Materials -9/Materials -9/Mines (discovered 2 exits: [*Mat] / *Zio) -7/Zion (discovered 2 exits: [*Dee] / [*Pro]) -7/Deep Caves History --------- Turn | Location | Event 6 | -11/Scrapyard | Discovered new exit (range 14) 32 | -11/Scrapyard | Entered Materials 79 | -10/Materials | Discovered new exit (range 15) 89 | -10/Materials | Entered another Materials area 89 | -9/Materials | Evolved 2 slots: Propulsion x2 283 | -9/Materials | Discovered new exit (range 12) 294 | -9/Materials | Entered Mines 301 | -9/Mines | Discovered new exit (range 16) 315 | -9/Mines | Learned location of Zion (-7) 318 | -9/Mines | Build established: Mutant 345 | -9/Mines | A Derelict revealed a hidden shortcut to a safe place 350 | -9/Mines | Entered Zion 360 | -7/Zion | Found Relay Coupler [Programmer] 362 | -7/Zion | Found Relay Coupler [Programmer] 373 | -7/Zion | Discovered new exit (range 16) 400 | -7/Zion | System corruption cleaned by Quarantine Array 574 | -7/Zion | Given the Hacking Drone Bay 578 | -7/Zion | Found Prototype Device 1022 | -7/Zion | Gained Derelict followers 1141 | -7/Zion | Acquired unknown access codes intercepted by a Zionite 1257 | -7/Zion | Opened final containment barrier to the Deep Caves 1836 | -7/Zion | Discovered new exit (range 3) 1836 | -7/Zion | Saw the warning signs outside the Deep Caves entrance 1839 | -7/Zion | Entered Deep Caves 1839 | -7/Deep Caves | Accompanied by 2 allies 2040 | -7/Deep Caves | Z-Facility disabled 2049 | -7/Deep Caves | Attacked by Z-Imprinter 2067 | -7/Deep Caves | Core integrity fell below 50% 2074 | -7/Deep Caves | Core integrity fell below 20% 2116 | -7/Deep Caves | Destroyed by Y8-WFT(z) with Zionite Laser-S Last Messages --------------- GOAL=ESCAPE 01842_ QO-QGC(g): "I'm afraid this little adventure of ours is soon to reach an untimely conclusion." 02031_ NEW_ZION: Z-Facility proximity alert. 02040_ Z-Facility disabled. 02044_ 4D-3Q9(o) destroyed. Z-Imprinter: GET AWAY FROM HERE! I've worked too hard for our future just to have you ruin everything! 02051_ 3R-O1P(l) destroyed. 02060_ QO-QGC(g) destroyed. 02063_ Overheating: Energy bleed (-12). 02066_ Dropped Authchip [Processor]. 02066_ Dropped Mining Laser. 02068_ Dropped Authchip [Weapon]. 02069_ Dropped Lgt. Ion Engine. 02069_ Dropped Sml. Storage Unit. 02071_ Dropped Hvy. Particle Cannon. 02071_ Acquired Prototype Device. 02113_ XG-KZS(o) destroyed. 02113_ Arm. Treads destroyed. Map ----- +----------------------------------------------------+ | | | | | | | | | | | | | | | ?????????????????????????????????????????????????? | | ???????#???????###############???????????????????? | | ???????# ???#### ##??????????????????? | | ???????# ??## #????###???????????? | | #####??# ?## ###### ##?????###### | | # #?# ## ## # #???### # | | ## ##### | | | | | | # | | ! " | | """" """""" =% # | | """"""""""""" | | """""""""""""" ] *] %! | | """"""""""""" !!| | | """"""""""" !! | | """""""""""" | | """"""""""""" | | """""""""""""@ # | | """"""""""""" # | | """"""""" " " # | | """""""""%!%* | | """""""" =/ | | """""""""o | | """"""""" # | | """"""""""" # | | """""""" """Io | | """""" | | """""" """ ?? ? | | """""" """""zz ?????? ?? | | """""" """""""zz ????????? | | """"" """"""" z ????????? | | """" """"""" ???????? | | """" """"" ???????? | | """" """ ??????? | | """" ??????? | | """"""""""" ??????? | | """""" ??????? | | ??????? | | ???????? | | ???????? | | ????????? | | ????????? | +----------------------------------------------------+ Best States ------------- Heat Dissipation 28 Energy Generation 10 Energy Capacity 125 Matter Stores 300 Matter Capacity 300 Sight Range 16 Terrain Scan Density 10 Propulsion Shielding 66 Evasion (%) 50 Recoil Reduction 4 Authchip Count 5 Item Schematics ----------------- Arm. Treads | -9/Materials | Scanalyzed Riot Gun | -7/Zion | Free Battle Rifle | -7/Zion | Free Enh. Flamer | -7/Zion | Free Ripper | -7/Zion | Free Robot Schematics ------------------ None Fabricated ------------ Nothing Alien Tech Used ----------------- None Achievements -------------- None Challenges ------------ None Game ------ Seed HeavyLightningFalx Manual? 0 Play Time 00:17:06 Cumulative 64.2 hours Start 2022.07.13 @ 00:35:29 End 2022.07.13 @ 00:49:45 Sessions 1 Manual Loads 0 Difficulty Rogue Special Mode None Game No. 54 Rogue 54 Adventurer 0 Explorer 0 Win Type - Total 0 Types 0/0/0/0/0/0/0/0/0 Lore% 44 Gallery% 55 Achievement% 48 Wizard Run 0 Options --------- ASCII 0 Keyboard 0 Movement Numpad Keybinds 0 Fullscreen 1 Font 36/Smallcaps Map View 76x50 Tactical HUD 1 Map Filters NONE Filters NONE Steam 1 RUN: e6158d70-1008-45a7-a592-7360f8e46d0c